 Dungeon Sprint DCSS version 0.30-a0-341-g682706514a (webtiles) character file.

Game seed: 8538530902602764256

143 retardedninja the Trooper (level 5, -5/78 HPs)
             Began as a Hill Orc Fighter on Nov 1, 2022.
             Slain by a neqoxec (10 damage)
             ... in the Dungeon (Sprint II: "The Violet Keep of Menkaure").
             The game lasted 00:00:13 (12 turns).

retardedninja the Trooper (Hill Orc Fighter)          Turns: 12, Time: 00:00:14

Health: -5/78      AC:  7    Str: 21    XL:     5   Next: 25%
Magic:  5/5        EV:  9    Int:  8    God:
Gold:   0          SH:  5    Dex: 12    Spells: 4/4 levels left

rFire   . . .      SeeInvis .    a - +0 war axe
rCold   . . .      Faith    .    c - +0 buckler
rNeg    . . .      Spirit   .    b - +0 scale mail
rPois   .          Reflect  .    (no helmet)
rElec   .          Harm     .    (no cloak)
rCorr   .          Rampage  .    (no gloves)
Will    .....      NoTele   +    (no boots)
Stlth   ..........               (no amulet)
HPRegen 0.33/turn                (no ring)
MPRegen 0.09/turn                (no ring)

@: berserking (expiring), very quick
A: thin skeletal structure 1
a: no special abilities


You were in the Dungeon.
You visited 1 branch

Inventory:

Hand Weapons
 a - a +0 war axe (weapon)
Armour
 b - a +0 scale mail (worn)
 c - a +0 buckler (worn)
Scrolls
 j - a scroll of blinking
Potions
 d - a potion of might
 e - a potion of curing
 f - a potion of heal wounds
 g - a potion of haste
 h - 2 potions of magic


   Skills:
 + Level 7.3 Fighting
 + Level 5.5 Axes
 + Level 7.0 Armour
 + Level 6.6 Shields


You had 4 spell levels left.
You didn't know any spells.
Your spell library was empty.

Dungeon Overview and Level Annotations

Branches:
Dungeon (1/1)

Altars:


Innate Abilities, Weirdness & Mutations

You have a somewhat thin skeletal structure. (Dex +2, Stealth+)


Message History

You slice the neqoxec!!
The neqoxec is heavily wounded.
A neqoxec comes into view.
The neqoxec closely misses you.
You barely miss the neqoxec.
The neqoxec is heavily wounded.
The neqoxec hits you!
* * * LOW HITPOINT WARNING * * *
You slash the neqoxec!
The neqoxec is severely wounded.
The neqoxec gestures at you.
Strange energies course through your body.
Your bones become slightly less dense.
You barely miss the neqoxec.
The neqoxec is severely wounded.
The neqoxec hits you.
* * * LOW HITPOINT WARNING * * *
You slash the neqoxec!
The neqoxec is almost dead.
You hit the neqoxec.
You kill the neqoxec!
Your Fighting skill gained 4 levels and is now at level 7!
Your Axes skill gained 3 levels and is now at level 5!
Your Armour skill gained 4 levels and is now at level 7!
Your Shields skill gained 3 levels and is now at level 6!
You have reached level 2!
You have reached level 3!
Your experience leads to an increase in your attributes!
Your base attributes are Str 18, Int 8, Dex 10.
Increase (S)trength, (I)ntelligence, or (D)exterity?
You feel stronger. x2
You have reached level 4!
You have reached level 5!
You feel stronger.
Unknown command.
The neqoxec hits you but does no damage.
You hit the neqoxec.
The neqoxec is lightly wounded.
The neqoxec hits you!
You die...

#+#
##.###
+.<@3#
##.##3#
#+# .#
#


You could see 2 neqoxecs.

Vanquished Creatures
  A neqoxec (D)
1 creature vanquished.

Notes
Turn   | Place    | Note
-------+----------+-------------------------------------------
     0 | D        | retardedninja the Hill Orc Fighter began the quest for the
                  | Orb.
     0 | D        | Reached XP level 1. HP: 19/19 MP: 1/1
     1 | D        | Noticed a neqoxec
     3 | D        | Noticed a neqoxec
     5 | D        | Noticed a neqoxec
     7 | D        | Gained mutation: You have a somewhat thin skeletal
                  | structure. (Dex +2, Stealth+) [a neqoxec]
     8 | D        | HP: 1/28 [neqoxec (6)]
    10 | D        | Killed a neqoxec
    11 | D        | Reached skill level 5 in Axes
    11 | D        | Reached XP level 2. HP: 3/34 MP: 2/2
    11 | D        | Reached XP level 3. HP: 3/39 MP: 3/3
    11 | D        | Reached XP level 4. HP: 4/47 MP: 4/4
    11 | D        | Reached XP level 5. HP: 4/52 MP: 5/5
    12 | D        | Slain by a neqoxec

Illustrated notes

Levels and vault maps discovered:
D:        the_violet_keep_of_menkaure [sprint2_stairs_cluster_1,
          sprint2_shoproom, sprint2_temple, sprint2_basic_supplies,
          sprint2_obstacle_6, sprint2_obstacle_2, sprint2_obstacle_4,
          sprint2_obstacle_5, sprint2_obstacle_1, sprint2_timed_cluster_1,
          sprint2_smallroom_cluster_1, sprint2_smallroom_final_cluster_1,
          sprint2_transparent_cluster_1, sprint2_second_timed_cluster_1,
          sprint2_sniper_area_1, sprint2_heavy_combat_area_1,
          sprint2_mutation_trap_area_1, sprint2_forest_area_1,
          sprint2_light_combat_area_1, sprint2_behind_water_1,
          sprint2_near_end_vault_1]

Skill      XL: |  1 |
---------------+----+-----
Fighting       | 7 |  7.3
Axes           | 5 |  5.5
Armour         | 7 |  7.0
Shields        | 6 |  6.6

Action                   |  1- 3 |  4- 6 || total
-------------------------+-------+-------++-------
Melee: War axe           |     8 |     1 ||     9
  Use: Potion            |     1 |       ||     1
Armor: Scale mail        |     1 |     1 ||     2
Dodge: Dodged            |     1 |       ||     1

Table legend: (Time is in decaauts)
 A = Elapsed time spent in this place.
 B = Non-inter-level travel time spent in this place.
 C = Inter-level travel time spent in this place.
 D = Time resting spent in this place.
 E = Time spent auto-exploring this place.
 F = Levels seen in this place.
 G = Mean time per level.
                   A        B        C        D        E       F      G
               +--------+--------+--------+--------+--------+-----+--------+
         Total |     11 |     11 |      0 |      0 |      0 |   1 |   11.0 |
       Dungeon |     11 |     11 |      0 |      0 |      0 |   1 |   11.0 |
               +--------+--------+--------+--------+--------+-----+--------+

Top non-repeatable levels by time:
       D: 11 daAuts
